 Dungeon Crawl Stone Soup version 0.31-a0-1589-g8f5e8aebd6 (webtiles) character file.

Game seed: 12674671565205390284

197 Dirian the Changeling (level 5, -4/48 HPs)
             Began as a Troll Shapeshifter on Jan 6, 2024.
             Slain by an orc priest
             ... wielding a +0 mace
              (8 damage)
             ... on level 3 of the Dungeon.
             The game lasted 00:02:51 (1476 turns).

Dirian the Changeling (Troll Shapeshifter)          Turns: 1476, Time: 00:02:52

Health: -4/48      AC:  4    Str: 24    XL:     5   Next: 46%
Magic:  4/4        EV: 10    Int:  6    God:
Gold:   39         SH:  5    Dex:  9    Spells: 4/4 levels left

rFire   . .          .
                       - Unarmed
rCold   . . .        (no shield)
rNeg    + . .        a - +0 animal skin
rPois   .            (helmet currently unavailable)
rElec   .            (cloak currently unavailable)
rCorr   .            (gloves unavailable)
SInv    .            (boots unavailable)
Will    .....        j - amulet of reflection
Stlth   +            n - ring of positive energy
HPRegen 1.08/turn    (no ring)
MPRegen 0.09/turn

%: reflection
@: mighty, beast-form
A: beast (slay +2), large, unfitting armour, claws 3, regeneration 1, shaggy fur
1, tough skin 1
a: Begin Untransformation


You were on level 3 of the Dungeon.
You were a hulking beast.
You visited 1 branch of the dungeon, and saw 3 of its levels.

You collected 130 gold pieces.
You spent 91 gold pieces at shops.

Inventory:

Missiles
 m - 2 throwing nets
Armour
 a - a +0 animal skin (worn)
 k - a +2 hat
Jewellery
 j - an amulet of reflection (around neck)
 n - a ring of positive energy (left claw)
Talismans
 c - a beast talisman (active)
 h - a flux talisman
Scrolls
 e - a scroll of fear {unknown}
 g - a scroll of blinking {unknown}
 l - 2 scrolls of teleportation {unknown}
 o - a scroll of identify {unknown}
Potions
 b - a potion of lignification
 d - 2 potions of might
 f - 2 potions of enlightenment {unknown}
 i - a potion of brilliance {unknown}
 p - a potion of invisibility {unknown}
 q - 2 potions of curing


   Skills:
 + Level 1.0 Fighting
 + Level 2.1 Dodging
 + Level 4.5 Unarmed Combat
 * Level 4.5 Shapeshifting


You had 4 spell levels left.
You didn't know any spells.
Your spell library contained the following spells:

 Spells                   Type           Power      Damage    Failure   Level
 Jinxbite                 Hex            0%         N/A       58%         2
 Yara's Violent Unravell  Hex/Alch       0%         3d3       100%        5
 Enfeeble                 Hex            0%         N/A       100%        7


Dungeon Overview and Level Annotations

Branches:
Dungeon (3/15) Zot: 16534

Altars:

Shops:
D:2 !


Innate Abilities, Weirdness & Mutations

You are a hulking beast.
Your limbs bulge with bestial killing power. (Slay +2)
You are too large for most types of armour.
You have claws for hands.
Your natural rate of healing is unusually fast.
You are covered in fur. (AC +1)
You have tough skin. (AC +1)


Message History

You are too confused!
You are too confused!
You are too confused!
You are too confused!
You bump into the rock wall.
Something hits you but does no damage.
You bump into the rock wall.
The orc priest invokes the aid of Beogh against you.
Beogh smites you!
You bump into the rock wall.
The orc priest hits you with a +0 hand axe.
Something hits you.
The orc priest hits you but does no damage.
Something hits you but does no damage.
You see here a +0 hand axe.
You scratch the orc priest.
The orc priest is lightly wounded.
Something hits you.
You closely miss the orc priest.
The orc priest hits you with a +0 hand axe.
The orc priest hits you with a +0 mace. Something hits you.
You bump into the rock wall.
You feel less confused. You block the orc priest's attack.
You hear some strange, mumbled words.
A puff of flame appears from out of thin air!
The puff of flame misses you. The orc priest hits you with a +0 mace.
* * * LOW HITPOINT WARNING * * *
You feel better.
The orc priest hits you with a +0 hand axe.
The orc priest hits you with a +0 mace.
* * * LOW HITPOINT WARNING * * *
You hear some strange, mumbled words.
A magic dart appears from out of thin air!
The magic dart hits you!
* * * LOW HITPOINT WARNING * * *
You feel very mighty all of a sudden.
The orc priest hits you with a +0 hand axe.
* * * LOW HITPOINT WARNING * * *
You block something's attack. The orc priest hits you with a +0 mace!
You die...

#.# ##†####.####..
#######.## #.......####..
..[......####.....#.......
#.................####....
.........#.##.....# #.###
.##....))#.##.....# #.#
#.....)#.######## #.#
#......o{## #.#
####...ho.# ..#
......###.# ### ####..#
... ....# .##.# ##... .#
.. #... .# ## #. ##


You could see 2 orc priests.

Vanquished Creatures
  2 orc priests (D:2)
  Jessica (D:2)
  Robin (D:2)
  3 adders (D:2)
  A ribbon worm (D:2)
  A dart slug (D:2)
  8 orcs
  6 bats
  3 endoplasms
  A giant cockroach (D:1)
  12 goblins
  7 hobgoblins
  3 quokkas
  4 ball pythons (D:1)
  A frilled lizard (D:3)
  5 kobolds
  3 rats (D:1)
62 creatures vanquished.

Notes
Turn   | Place    | Note
-------+----------+-------------------------------------------
     0 | D:1      | Dirian the Troll Shapeshifter began the quest for the Orb.
     0 | D:1      | Reached XP level 1. HP: 18/18 MP: 0/0
   183 | D:1      | Reached XP level 2. HP: 26/26 MP: 1/1
   204 | D:1      | Found a faded altar of an unknown god.
   785 | D:2      | Reached XP level 3. HP: 32/32 MP: 2/2
   846 | D:2      | Reached XP level 4. HP: 23/40 MP: 3/3
   895 | D:2      | Noticed Jessica
   908 | D:2      | Killed Jessica
   967 | D:2      | Reached XP level 5. HP: 46/46 MP: 4/4
   990 | D:2      | Noticed Robin
   992 | D:2      | Found Kemm's Distillery.
  1025 | D:2      | Killed Robin
  1026 | D:2      | Reached skill level 1 in Fighting
  1062 | D:2      | Bought a potion of curing for 39 gold pieces
  1062 | D:2      | Bought a potion of might for 52 gold pieces
  1476 | D:3      | Slain by an orc priest

Illustrated notes

Levels and vault maps discovered:
D:1:      nzn_arrival_depleted_hourglass, layout_loops_ring,
          hellmonk_ecumenical_altar_pennies_from_heaven
D:2:      minmay_wonky_spiral, layout_rooms, serial_shops, shop, uniq_robin,
          uniq_jessica
D:3:      layout_loops_cross, tgw_trog, nicolae_uskayaw_en_pointe,
          pf_just_have_faith, st_stairs_8

Skill      XL: |  1  2  3  4  5 |
---------------+----------------+-----
Shapeshifting  | 4 |  4.5
Unarmed Combat | 4 |  4.5
Dodging        | 2 |  2.1
Fighting       | 1 |  1.0

Action                     |  1- 3 |  4- 6 || total
---------------------------+-------+-------++-------
  Melee: Unarmed           |    62 |    73 ||   135
         Punch             |     1 |     1 ||     2
    Use: Potion            |       |     2 ||     2
 Armour: Animal skin       |    32 |    78 ||   110
  Dodge: Dodged            |    28 |    30 ||    58
  Block: Other             |       |     5 ||     5
   Form: Beast             |     1 |       ||     1

Table legend: (Time is in decaauts)
 A = Elapsed time spent in this place.
 B = Non-inter-level travel time spent in this place.
 C = Inter-level travel time spent in this place.
 D = Time resting spent in this place.
 E = Time spent auto-exploring this place.
 F = Levels seen in this place.
 G = Mean time per level.
                   A        B        C        D        E       F      G
               +--------+--------+--------+--------+--------+-----+--------+
         Total |   1465 |   1389 |     76 |      0 |   1058 |   3 |  488.3 |
       Dungeon |   1465 |   1389 |     76 |      0 |   1058 |   3 |  488.3 |
               +--------+--------+--------+--------+--------+-----+--------+

Top non-repeatable levels by time:
     D:1: 734 daAuts
     D:2: 656 daAuts
     D:3: 74 daAuts
